 Dungeon Crawl Stone Soup version 0.23.2-1-ga50397a6bc (webtiles) character file.

Game seed: 8619534709172144745

30 Mitsuki the Firebug (level 3, 0/19 HPs)
             Began as a Deep Elf Fire Elementalist on Apr 14, 2019.
             Slain by a gnoll
             ... wielding a +0 spear
              (2 damage)
             ... on level 3 of the Dungeon.
             The game lasted 00:07:23 (983 turns).

Mitsuki the Firebug (Deep Elf Fire Elementalist)     Turns: 983, Time: 00:07:24

Health: 0/19       AC:  3    Str:  5    XL:     3   Next: 3%
Magic:  6/9        EV: 13    Int: 20    God:
Gold:   31         SH:  0    Dex: 15    Spells: 7/8 levels left

rFire    . . .     SeeInvis .   d - +2 dagger (venom)
rCold    . . .     Gourm    .   (no shield)
rNeg     . . .     Faith    .   a - +0 robe
rPois    .         Spirit   .   f - +0 helmet
rElec    .         Reflect  .   (no cloak)
rCorr    .         Harm     .   (no gloves)
MR       .....                  (no boots)
Stlth    ++........             (no amulet)
HPRegen  0.06/turn              (no ring)
MPRegen  0.11/turn              (no ring)

@: very slightly contaminated
A: no striking features
a: no special abilities


You were on level 3 of the Dungeon.
You were not hungry.

You visited 1 branch of the dungeon, and saw 3 of its levels.

You collected 31 gold pieces.

Inventory:

Hand Weapons
 d - a +2 dagger of venom (weapon)
Armour
 a - a +0 robe (worn)
 f - a +0 helmet (worn)
Scrolls
 e - a scroll of blinking {unknown}
Comestibles
 c - 2 rations
 g - 3 chunks of flesh


   Skills:
 - Level 2.4 Dodging
 - Level 2.4 Stealth
 - Level 3.0 Spellcasting
 + Level 1.3 Conjurations
 + Level 4.6 Fire Magic


You had 7 spell levels left.
You knew the following spells:

 Your Spells              Type           Power        Failure   Level  Hunger
a - Flame Tongue          Conj/Fire      ##...        4%          1    None

Your spell library contained the following spells:

 Spells                   Type           Power        Failure   Level  Hunger
 Throw Flame              Conj/Fire      ##....       6%          2    ##.....
 Conjure Flame            Conj/Fire      ##......     13%         3    ###....
 Inner Flame              Hex/Fire       ##......     17%         3    ###....
 Sticky Flame             Conj/Fire      ##......     38%         4    ####...
 Fireball                 Conj/Fire      ##........   75%         5    ######.


Dungeon Overview and Level Annotations

Branches:
Dungeon (2/15)

Altars:
Dithmenos


Message History

The gnoll hits you with a +0 spear!
* * * LOW HITPOINT WARNING * * *
You take 8 damage, and have 3/19 hp.
MASSIVE DAMAGE!!
The bat hits you but does no damage.
The ball python bites you but does no damage.
The ball python barely misses you. The gnoll barely misses you.
As you read the scroll labeled IPSOPTALAA, it crumbles to dust.
You feel blessed for a moment.
It was a scroll of remove curse.
The bat barely misses you.
The orc wizard gestures wildly while chanting.
The orc wizard blinks!
The ball python misses you. The ball python grabs you.
* * * LOW HITPOINT WARNING * * *
The ball python constricts you. The jackal barely misses you.
The gnoll barely misses you.
You take 1 damage, and have 2/19 hp.
You hit the ball python.
You kill the ball python!
The bat misses you. The jackal closely misses you.
The gnoll hits you from afar with a +0 spear.
You die...

### ## #.# #..
... ##.# #># #
#........##
##.#.#.#..
#.......# #.#@#
#hb## #gh.#
######ยง.##
#....)...#
#####..#....o#
#.....###......#
#.##..#
#..##....# ##..
..## ..#.#


You could see an orc wizard, a gnoll, 2 jackals and a bat.

Vanquished Creatures
  A leopard gecko (D:1)
  2 orcs (D:3)
  4 giant cockroaches (D:1)
  3 hobgoblins
  5 kobolds (D:1)
  2 ball pythons
  2 bats
  2 frilled lizards (D:1)
  2 goblins (D:1)
  2 rats (D:1)
25 creatures vanquished.

Notes
Turn   | Place    | Note
-------+----------+-------------------------------------------
     0 | D:1      | Mitsuki the Deep Elf Fire Elementalist began the quest for
                  | the Orb.
     0 | D:1      | Reached XP level 1. HP: 10/10 MP: 6/6
   114 | D:1      | Reached XP level 2. HP: 15/15 MP: 4/8
   154 | D:1      | Reached skill level 4 in Fire Magic
   968 | D:2      | You fall through a shaft!
   968 | D:3      | Found a shadowy altar of Dithmenos.
   975 | D:3      | Reached XP level 3. HP: 19/19 MP: 5/9
   983 | D:3      | Slain by a gnoll

Skill      XL: |  1  2 |
---------------+-------+-----
Fire Magic     | 4 |  4.6
Dodging        | |  2.4
Stealth        | |  2.4
Spellcasting   | |  3.0
Conjurations   | |  1.3

Action                   || total
-------------------------++-------
Melee: Dagger            ||     4
       Unarmed           ||     1
 Cast: Flame Tongue      ||    36
  Use: Scroll            ||     1
Armor: Robe              ||     9
Dodge: Dodged            ||    22
